 Dungeon Crawl Stone Soup version 0.31-a0-819-gf6de2f5ab6 (webtiles) character file.

Game seed: 16886760001734440143

399 qw the Shooter (level 6, -10/38 HPs)
             Began as a Gargoyle Hunter on Sept 23, 2023.
             Mangled by an ogre
             ... wielding a +0 giant club
              (22 damage)
             ... on level 4 of the Dungeon.
             The game lasted 00:01:08 (2864 turns).

qw the Shooter (Gargoyle Hunter)                    Turns: 2864, Time: 00:01:08

Health: -10/38     AC: 10    Str: 15    XL:     6   Next: 84%
Magic:  6/6        EV: 11    Int:  9    God:
Gold:   167        SH:  0    Dex: 15    Spells: 5/5 levels left

rFire   . . .        c - +0 orcbow
rCold   . . .        (shield currently unavailable)
rNeg    + . .        f - +0 ring mail
rPois   inf          j - +0 helmet
rElec   +            (no cloak)
rCorr   .            (no gloves)
SInv    .            (no boots)
Will    .....        (no amulet)
Stlth   +            (no ring)
HPRegen 0.26/turn    (no ring)
MPRegen 0.10/turn

%: no passive effects
@: no status effects
A: sickness immunity, AC +4, negative energy resistance 1, electricity
resistance, torment resistance 1, petrification resistance
a: no special abilities


You were on level 4 of the Dungeon.
You visited 1 branch of the dungeon, and saw 4 of its levels.

You collected 167 gold pieces.


Innate Abilities, Weirdness & Mutations

You are immune to sickness and miasma.
Your stone body is resilient. (AC +4)
You are immune to poison.
You resist negative energy. (rN+)
You are resistant to electric shocks. (rElec)
You are resistant to unholy torment.
You are immune to petrification.


   Skills:
 - Level 4.1 Fighting
 + Level 7.1 Ranged Weapons
 - Level 1.0 Armour
 - Level 1.5 Dodging
 - Level 1.1 Stealth


You had 5 spell levels left.
You didn't know any spells.
Your spell library was empty.

Inventory:

Hand Weapons
 c - a +0 orcbow (weapon)
Armour
 f - a +0 ring mail (worn)
 j - a +0 helmet (worn)
Wands
 e - a wand of digging (2)
Scrolls
 a - a scroll of teleportation
Potions
 b - a potion of curing
 d - a potion of resistance {unknown}
 g - 3 potions of might {unknown}
 h - a potion of enlightenment {unknown}
 i - a potion of invisibility {unknown}

Dungeon Overview and Level Annotations

Branches:
Dungeon (4/15)
 Temple: D:4-7

Altars:

Portals:
Abyss: D:3

Annotations:
D:3 2 transporters, qw's ghost, weakling GrHu


Message History

The black bear claws you.
The black bear claws you but does no damage.
You shoot an arrow. The arrow hits the black bear.
The black bear is severely wounded.
The black bear barely misses you. The black bear closely misses you.
The black bear misses you.
You shoot an arrow. The arrow hits the black bear.
You kill the black bear!
Your Ranged Weapons skill increases to level 7!
You start resting.
HP restored.
A goblin comes into view. It is wielding a +0 dagger.
You shoot an arrow. The arrow hits the goblin!
You kill the goblin!
A ball python comes into view.
The ball python hisses angrily.
You shoot an arrow.
The arrow closely misses the ball python.
You shoot an arrow. The arrow hits the ball python!
You kill the ball python!
Found a stone staircase leading down.
Found 7 stones.
An ogre comes into view. It is wielding a +0 giant club.
The ogre shouts!
You see here a scroll of teleportation.
You shoot an arrow. The arrow hits the ogre!
The ogre is heavily wounded.
The ogre barely misses you.
You shoot an arrow. The arrow hits the ogre.
The ogre is heavily wounded.
The ogre hits you with a +0 giant club!!
Ouch! That really hurt!
You shoot an arrow. The arrow closely misses the ogre.
You shoot an arrow. The arrow barely misses the ogre.
The ogre barely misses you.
You shoot an arrow. The arrow hits the ogre.
The ogre is heavily wounded.
The ogre hits you with a +0 giant club!!
Ouch! That really hurt!
You die...

##...........
#....#######.
###.###.###
#... #...#
#.#..##.#.#
#.......#.#
#.8#8.#.#.#
#(#.#.#O#
.8#8...@.#
#.....#.###
###.###># #.
#.. ###


You could see an ogre.

Vanquished Creatures
  A water moccasin (D:3)
  A black bear (D:4)
  A hound (D:4)
  An orc priest (D:3)
  3 gnolls (D:4)
  4 adders
  An ufetubus (D:4)
  2 worms
  2 dart slugs (D:1)
  4 orcs (D:3)
  2 endoplasms (D:1)
  3 giant cockroaches
  5 hobgoblins
  2 jackals (D:1)
  3 quokkas (D:1)
  4 ball pythons
  3 bats
  5 frilled lizards
  10 goblins
  9 kobolds
  6 rats
72 creatures vanquished.

Notes
Turn   | Place    | Note
-------+----------+-------------------------------------------
     0 | D:1      | qw the Gargoyle Hunter began the quest for the Orb.
     0 | D:1      | Reached XP level 1. HP: 12/12 MP: 1/1
     0 | D:1      | 0 ||| qw: Version: 0.3-a-83-gcd0e7d8
     0 | D:1      | 0 ||| qw: Game counter: 1726
     0 | D:1      | 0 ||| qw: Melee chars always use a shield: true
     0 | D:1      | 0 ||| qw: God list: Okawaru
     0 | D:1      | 0 ||| qw: Allow faded altars: false
     0 | D:1      | 0 ||| qw: Do Orc after clearing Dungeon:15 true
     0 | D:1      | 0 ||| qw: Do second Lair branch before Depths: true
     0 | D:1      | 0 ||| qw: Lair rune preference: random
     0 | D:1      | 0 ||| qw: Goals: Normal
     0 | D:1      | 0 ||| PLANNING D:1-11
   172 | D:1      | Reached XP level 2. HP: 17/17 MP: 2/2
   407 | D:1      | Reached XP level 3. HP: 21/21 MP: 3/3
   644 | D:1      | Reached skill level 5 in Ranged Weapons
   827 | D:1      | 827 ||| UPGRADING to +0 ring mail.
   837 | D:1      | 837 ||| DROPPING +0 leather armour.
   838 | D:1      | 838 ||| READING scroll labelled XAODYT XOUPSO.
   839 | D:1      | 839 ||| READING scroll labelled VANUIPH DOSTEMI.
   840 | D:1      | 840 ||| DROPPING scroll of butterflies.
   946 | D:2      | Reached skill level 1 in Armour
  1470 | D:2      | 1470 ||| READING 2 scrolls labelled MYEPPYGR GUGOD.
  1473 | D:2      | 1473 ||| READING scroll labelled LYUCILU ZIMESE.
  1474 | D:2      | 1474 ||| READING scroll labelled QOIDGHO ARYURENG.
  1490 | D:2      | 1490 ||| READING 2 scrolls labelled ISUOBI GIPI.
  1491 | D:2      | 1491 ||| READING scroll labelled IFYTUZ NIOBBIF.
  1492 | D:2      | 1492 ||| DRINKING 2 clear potions.
  1493 | D:2      | 1493 ||| DROPPING scroll of amnesia.
  1533 | D:3      | Reached skill level 3 in Fighting
  1533 | D:3      | Reached XP level 4. HP: 28/28 MP: 4/4
  1544 | D:3      | 1544 ||| Stepping ~*~*~tactically~*~*~ (retreating).
  1545 | D:3      | 1545 ||| Stepping ~*~*~tactically~*~*~ (retreating).
  1546 | D:3      | 1546 ||| Stepping ~*~*~tactically~*~*~ (retreating).
  1547 | D:3      | 1547 ||| Stepping ~*~*~tactically~*~*~ (retreating).
  1548 | D:3      | 1548 ||| Stepping ~*~*~tactically~*~*~ (retreating).
  1549 | D:3      | 1549 ||| Stepping ~*~*~tactically~*~*~ (retreating).
  1550 | D:3      | 1550 ||| Stepping ~*~*~tactically~*~*~ (retreating).
  1551 | D:3      | 1551 ||| Stepping ~*~*~tactically~*~*~ (retreating).
  1552 | D:3      | 1552 ||| Stepping ~*~*~tactically~*~*~ (retreating).
  1553 | D:3      | 1553 ||| Stepping ~*~*~tactically~*~*~ (retreating).
  1554 | D:3      | 1554 ||| Stepping ~*~*~tactically~*~*~ (retreating).
  1555 | D:3      | 1555 ||| Stepping ~*~*~tactically~*~*~ (retreating).
  1776 | D:3      | Found a transporter.
  1878 | D:3      | Found a one-way gate to the infinite horrors of the Abyss.
  1878 | D:3      | Noticed qw's ghost (weakling GrHu)
  1880 | D:3      | Noticed a small abomination
  1907 | D:3      | Found a transporter.
  2063 | D:3      | Noticed a water moccasin
  2070 | D:3      | Killed a water moccasin
  2071 | D:3      | Reached skill level 6 in Ranged Weapons
  2071 | D:3      | Reached XP level 5. HP: 27/32 MP: 5/5
  2359 | D:3      | 2359 ||| READING scroll labelled DEMAEXORHE.
  2428 | D:4      | 2428 ||| SWAPPING to +0 orcbow.
  2430 | D:4      | 2430 ||| DROPPING +1 shortbow.
  2497 | D:4      | Reached XP level 6. HP: 32/37 MP: 6/6
  2668 | D:4      | 2668 ||| FLEEEEING.
  2669 | D:4      | 2669 ||| FLEEEEING.
  2670 | D:4      | 2670 ||| FLEEEEING.
  2671 | D:4      | 2671 ||| FLEEEEING.
  2672 | D:4      | 2672 ||| FLEEEEING.
  2673 | D:4      | 2673 ||| FLEEEEING.
  2674 | D:4      | 2674 ||| FLEEEEING.
  2675 | D:4      | 2675 ||| STAIRDANCE
  2690 | D:3      | 2690 ||| UPGRADING to +0 helmet.
  2721 | D:4      | Noticed a black bear
  2732 | D:4      | Killed a black bear
  2733 | D:4      | Reached skill level 7 in Ranged Weapons
  2864 | D:4      | Mangled by an ogre

Levels and vault maps discovered:
D:1:      lightli_arrival_boilingwater, layout_basic
D:2:      layout_basic, minmay_pentomino_r2
D:3:      layout_basic, gammafunk_ghost_abyssal_escape
D:4:      layout_loops_ring, gammafunk_ghost_cemetery, minmay_tree_intersection,
          minivault_27, minmay_statues_item, nzn_random_ring

Skill      XL: |  1  2  3  4  5  6 |
---------------+-------------------+-----
Ranged Weapons | 5 6 7 |  7.1
Armour         | 1 |  1.0
Fighting       | 3 4 |  4.1
Dodging        | |  1.5
Stealth        | |  1.1

Action                     |  1- 3 |  4- 6 || total
---------------------------+-------+-------++-------
   Fire: Shortbow          |   124 |    58 ||   182
         Orcbow            |       |    63 ||    63
    Use: Scroll            |     7 |     1 ||     8
         Potion            |     1 |       ||     1
 Armour: Leather armour    |    23 |       ||    23
         Ring mail         |    13 |    76 ||    89
  Dodge: Dodged            |    35 |    69 ||   104

Table legend:
 A = Non-vault XP
 B = Vault XP
 C = Vault XP percentage of total XP
 D = Non-vault monster count
 E = Vault monster count
 F = Vault count percentage of total count
                 A         B        C        D         E       F
            +---------+---------+-------+---------+---------+-------
      Total |     552 |      18 |   3.2 |      70 |       2 |   2.8
            +---------+---------+-------+---------+---------+-------
        D:1 |      42 |       0 |   0.0 |      26 |       0 |   0.0
        D:2 |      13 |      18 |  58.1 |       8 |       2 |  20.0
        D:3 |     225 |       0 |   0.0 |      17 |       0 |   0.0
        D:4 |     272 |       0 |   0.0 |      19 |       0 |   0.0
            +---------+---------+-------+---------+---------+-------
